 Dungeon Crawl Stone Soup version 0.30.0-29-ga12c61a403 (webtiles) character file.

Game seed: 13385123957399094805

277 loir the Magician (level 6, -2/46 HPs)
             Began as a Djinni Conjurer on June 3, 2023.
             Killed by divine providence
             ... invoked by an orc priest
              (12 damage)
             ... on level 4 of the Dungeon.
             The game lasted 00:12:27 (3256 turns).

loir the Magician (Djinni Conjurer)                 Turns: 3256, Time: 00:12:28

Health: -2/46      AC:  3    Str:  6    XL:     6   Next: 51%
Gold:   188        EV: 12    Int: 22    God:
                   SH:  0    Dex: 11

rFire   + + .        e - +0 dagger
rCold   x . .        (no shield)
rNeg    . . .        a - +0 robe
rPois   ∞            (no helmet)
rElec   .            (no cloak)
rCorr   .            c - +0 pair of gloves
SInv    .            (boots unavailable)
Will    .....        (no amulet)
Stlth   ++           (no ring)
HPRegen 0.27/turn    (no ring)
MPRegen 0.00/turn

%: infuse magic (-3 HP)
@: about to teleport, flying
A: sickness immunity, fire resistance 2, cold vulnerability 1, float, innate
caster, HP casting, extra vitality 1
a: no special abilities


You were on level 4 of the Dungeon.
You visited 1 branch of the dungeon, and saw 4 of its levels.

You collected 188 gold pieces.

Inventory:

Hand Weapons
 e - a +0 dagger (weapon)
Armour
 a - a +0 robe (worn)
 c - a +0 pair of gloves (worn)
Potions
 d - a potion of mutation {unknown}
 f - a potion of might {unknown}
 j - a potion of magic {unknown}


   Skills:
 * Level 3.6 Fighting
 + Level 3.6 Dodging
 - Level 1.5 Stealth
 * Level 4.4 Spellcasting


You knew the following spells:

 Your Spells              Type           Power      Damage    Failure   Level
a - Magic Dart            Conj           96%        1d7       1%          1
b - Searing Ray           Conj           48%        2d6       2%          2
c - Dazzling Flash        Conj/Hex       48%        N/A       5%          3
d - Fulminant Prism       Conj/Hex       12%        3d9       17%         4
e - Iskenderun's Mystic   Conj/Tloc      24%        2d7       17%         4
f - Freeze                Ice            96%        1d10      1%          1
g - Lesser Beckoning      Tloc           48%        N/A       2%          2
Your spell library was empty.

Dungeon Overview and Level Annotations

Branches:
Dungeon (4/15)
 Temple: D:4-7

Altars:
Ashenzari
Dithmenos


Innate Abilities, Weirdness & Mutations

You are immune to sickness and miasma.
You are immune to poison.
Your flesh is very heat resistant. (rF++)
You are vulnerable to cold. (rC-)
You float through the air rather than walking.
You learn spells naturally, not from books.
Your magical power is your life essence.
You have superior vitality. (+4 MHP)


Message History

The orc priest is heavily wounded.
A scorpion comes into view.
Your fulminant prism crackles loudly.
The orc priest mumbles some strange prayers to Beogh against you.
Pain shoots through your body!
Casting: Magic Dart (safe; 1% risk of failure)
Confirm with . or Enter, or press ? or * to list all spells.
Aiming: Searing Ray (safe; 2% risk of failure)
Press: ? - help, Shift-Dir - straight line, f/p - orc priest
Aim: an orc priest, wielding a +0 dagger (heavily wounded, ally target, 78% to hit)
The searing ray hits the orc priest.
The orc priest is severely wounded. (Press . to maintain the ray.)
Your fulminant prism explodes!
The blast of energy engulfs the orc priest!!
You kill the orc priest!
The blast of energy engulfs the orc priest!
The orc priest is severely wounded.
You hear a shout!
You hear an angry hiss.
Aiming: Magic Dart (safe; 1% risk of failure)
Press: ? - help, Q - select action, (/) - cycle Shift-Dir - straight line, f - orc priest
Aim: an orc priest, wielding a +0 dagger and wearing a +0 chain mail (severely wounded, 100% to hit)
The magic dart hits the orc priest but does no damage.
The orc priest is severely wounded.
The orc priest invokes the aid of Beogh against you.
Beogh smites you!
* * * LOW HITPOINT WARNING * * *
Aiming: Magic Dart (safe; 1% risk of failure)
Press: ? - help, Q - select action, (/) - cycle Shift-Dir - straight line, f/p - orc priest
Aim: an orc priest, wielding a +0 dagger and wearing a +0 chain mail (severely wounded, 100% to hit)
The magic dart hits the orc priest but does no damage.
The orc priest is severely wounded.
* * * LOW HITPOINT WARNING * * *
A goblin opens the door.
As you read the scroll of teleportation, it crumbles to dust.
You feel strangely unstable.
The orc priest looks braver for a moment.
The orc priest calls down the wrath of Beogh upon you.
Beogh smites you!
You die...

#....###.# .....#.
#....# #.....
#....#############.##..
.....'................
#...)#####........).#
#....# #.......o..#
#....#
#..........#####.
#..(.#
#......s..g'.....
#....#
#......@...######
###### #..........#
#........[.#
#..........#
#..........#
#..........#
#..........#
#..........#
###########


You could see a scorpion, an orc priest and a goblin.

Vanquished Creatures
  2 hounds (D:3)
  An orc priest (D:4)
  An iguana (D:4)
  4 gnolls (D:3)
  3 adders (D:2)
  2 dart slugs (D:1)
  6 orcs (D:3)
  8 endoplasms
  A giant cockroach (D:1)
  10 goblins
  6 hobgoblins
  10 jackals
  5 ball pythons
  4 bats
  6 frilled lizards
  8 kobolds
  6 rats
83 creatures vanquished.

Vanquished Creatures (others)
  A fulminant prism (D:4)
1 creature vanquished.

Grand Total: 84 creatures vanquished

Notes
Turn   | Place    | Note
-------+----------+-------------------------------------------
     0 | D:1      | loir the Djinni Conjurer began the quest for the Orb.
     0 | D:1      | loir set off with the following spells memorised: Magic
                  | Dart, Searing Ray, Dazzling Flash, Fulminant Prism,
                  | Iskenderun's Mystic Blast.
     0 | D:1      | Reached XP level 1. HP: 15/15 MP: 0/0
   139 | D:1      | Reached XP level 2. HP: 21/22 MP: 0/0
   143 | D:1      | Reached skill level 1 in Fighting
   326 | D:1      | Reached XP level 3. HP: 24/27 MP: 0/0
   326 | D:1      | Learned a level 1 spell: Freeze
   933 | D:2      | Reached XP level 4. HP: 25/33 MP: 0/0
  1672 | D:3      | Found a broken altar of Ashenzari.
  1829 | D:3      | Reached XP level 5. HP: 33/39 MP: 0/0
  1829 | D:3      | Learned a level 2 spell: Lesser Beckoning
  1954 | D:3      | Reached skill level 4 in Spellcasting
  2460 | D:3      | Reached XP level 6. HP: 30/46 MP: 0/0
  3052 | D:4      | Found a shadowy altar of Dithmenos.
  3256 | D:4      | Killed from afar by an orc priest

Illustrated notes

Levels and vault maps discovered:
D:1:      dpeg_arrival_chambers_temple_mockup, layout_loops_ring
D:2:      layout_rooms, serial_rivers, chequers_serial_rivers_micro_c,
          chequers_serial_rivers_room_a, chequers_serial_rivers_small_3,
          chequers_serial_rivers_large_b, chequers_serial_rivers_micro_a,
          chequers_serial_rivers_large_a
D:3:      layout_loops_corners, mainiacjoe_overflow_cross_hatched,
          mainiacjoe_overflow_catwalk, cheibrodos_gnoll_hut
D:4:      layout_basic, mainiacjoe_overflow_brackets, enter_ossuary_4

Skill      XL: |  1  2  3  4  5 |
---------------+----------------+-----
Fighting       | 1 2 3 |  3.6
Dodging        | 3 |  3.6
Spellcasting   | 4 |  4.4
Stealth        | |  1.5

Action                     |  1- 3 |  4- 6 || total
---------------------------+-------+-------++-------
   Cast: Magic Dart        |    62 |    81 ||   143
         Searing Ray       |       |     7 ||     7
         Freeze            |       |     1 ||     1
         Fulminant Prism   |       |     1 ||     1
    Use: Scroll            |       |     5 ||     5
 Armour: Robe              |       |     2 ||     2
  Dodge: Dodged            |     4 |     2 ||     6
